Map: Eternal Empire LE

Players

Neeb

  • Race: Protoss Protoss
  • Spawn Location: 7:00

tyty (TY) - Winner!

  • Race: Terran Terran
  • Spawn Location: 1:00

VOD

Have the link to the VOD?

Description

Time

  • Played on: Jan. 7, 2020, 9:14 p.m.
  • Length: 21:30
Show
View Real Time Build Order
Export as new Build Order

Neeb Protoss 

Build Orders: 1 Gate Expand, Oracle Opening 

Get SALT Encoding   

  12  0:01  Probe  
  13  0:13  Probe  
  14  0:19  Pylon  
  14  0:25  Probe (Chrono Boost)  
  15  0:38  Probe (Chrono Boost), Gateway  
  16  0:45  Probe (Chrono Boost)  
  17  0:50  Assimilator  
  17  0:52  Probe  
  18  1:04  Probe  
  19  1:16  Probe  
  20  1:25  Nexus  
  20  1:35  Cybernetics Core  
  20  1:36  Probe  
  21  1:43  Assimilator  
  21  1:48  Probe  
  21  1:53  Pylon  
  22  2:00  Probe (Chrono Boost)  
  23  2:12  Probe (Chrono Boost)  
  23  2:13  Stargate  
  24  2:19  Probe (Chrono Boost)  
  24  2:22  Warp Gate  
  25  2:26  Probe (Chrono Boost)  
  25  2:27  Adept  
  30  2:37  Probe (Chrono Boost)  
  30  2:39  Probe (Chrono Boost)  
  31  2:46  Probe x2 (Chrono Boost)  
  31  2:51  Probe (Chrono Boost)  
  32  2:53  Probe  
  32  2:54  Pylon  
  32  2:56  Oracle (Chrono Boost)  
  37  3:03  Probe  
  37  3:05  Probe  
  39  3:06  Stalker  
  41  3:15  Probe  
  41  3:17  Probe  
  43  3:27  Probe, Gateway  
  43  3:28  Gateway  
  43  3:31  Oracle (Chrono Boost)  
  48  3:34  Probe  
  48  3:39  Probe  
  49  3:45  Pylon  
  49  3:46  Probe  
  50  3:51  Probe, Pylon  
  50  3:55  Pylon  
  51  3:58  Probe, Pylon  
  51  4:01  Phoenix (Chrono Boost)  
  54  4:03  Probe  
  55  4:12  Assimilator  
  55  4:13  Assimilator  
  55  4:19  Nexus  
  55  4:21  Probe  
  55  4:22  Probe  
  57  4:25  Phoenix (Chrono Boost)  
  59  4:36  Probe  
  60  4:39  Probe, Pylon  
  60  4:43  Phoenix (Chrono Boost)  
  63  4:47  Shield Battery  
  63  4:49  Probe  
  63  4:52  Adept  
  66  4:53  Robotics Facility  
  66  4:57  Probe  
  66  4:59  Shield Battery  
  67  5:00  Phoenix (Chrono Boost)  
  67  5:05  Probe  
  70  5:07  Sentry  
  70  5:09  Adept  
  70  5:12  Probe  
  75  5:15  Pylon  
  75  5:18  Probe  
  76  5:24  Probe  
  76  5:25  Pylon  
  77  5:33  Forge  
  77  5:34  Twilight Council  
  79  5:36  Adept  
  79  5:39  Adept x2  
  83  5:46  Probe  
  83  5:47  Probe  
  78  5:50  Probe  
  77  5:59  Probe x2 (Chrono Boost), Stalker x2  
  77  6:00  Charge  
  77  6:01  Sentry  
  77  6:02  Protoss Ground Weapons Level 1 (Chrono Boost)  
  86  6:04  Probe (Chrono Boost)  
  86  6:10  Probe x2 (Chrono Boost)  
  88  6:12  Probe (Chrono Boost)  
  88  6:15  Probe (Chrono Boost)  
  88  6:16  Probe (Chrono Boost)  
  86  6:18  Probe  
  86  6:25  Probe  
  88  6:27  Gateway  
  88  6:30  Gateway  
  88  6:32  Gateway  
  86  6:37  Gateway  
  86  6:38  Probe, Gateway  
  87  6:46  Gateway  
  87  6:49  Templar Archives  
  87  6:50  Probe  
  88  6:54  Zealot x3  
  88  6:56  Warp Prism  
  96  7:06  Pylon  
  96  7:18  Nexus  
  96  7:19  Zealot x3  
  96  7:20  Pylon  
  102  7:29  Zealot x3  
  110  7:37  Zealot  
  110  7:38  Zealot  
  110  7:42  Zealot x2  
  110  7:43  Zealot x2  
  120  7:45  Warp Prism  
  122  7:53  Pylon x2, High Templar  
  122  7:54  High Templar  
  122  7:58  High Templar x3  
  128  8:02  Archon x2  
  132  8:06  Pylon  
  132  8:08  Photon Cannon  
  132  8:12  High Templar  
  134  8:14  Zealot x3  
  134  8:16  Archon  
  134  8:19  Protoss Ground Weapons Level 2 (Chrono Boost)  
  141  8:20  Probe x2  
  141  8:21  Probe  
  143  8:29  Zealot x2  
  143  8:32  Probe, Zealot x3  
  154  8:47  Zealot x4  
  162  8:53  Zealot x5  
  144  9:01  Probe x2  
  108  9:07  Zealot x4  
  85  9:20  Stalker  
  85  9:21  Stalker x4  
  87  9:26  Blink  
  87  9:29  High Templar x2, Sentry, Zealot  
  87  9:30  Warp Prism  
  97  9:32  Probe  
  97  9:34  Archon  
  98  9:45  High Templar, Zealot x2  
  102  9:46  Zealot  
  102  9:49  High Templar  
  102  9:50  Probe  
  102  9:51  Probe, Zealot  
  112  9:52  Zealot  
  112  9:54  Probe x2  
  112  9:55  Photon Cannon  
  112  9:57  Photon Cannon  
  112  9:58  Archon  
  116  10:02  Pylon, Zealot x2  
  116  10:05  Probe  
  121  10:08  Pylon  
  121  10:11  Nexus  
  121  10:12  Unknown  
  121  10:18  Zealot x6  
  131  10:33  Protoss Ground Weapons Level 3  
  124  10:40  Zealot x3  
  124  10:41  Zealot x6  
  124  10:42  Probe x2  
  140  10:43  Probe  
  139  10:51  Observer (Chrono Boost)  
  140  11:03  Zealot x2  
  132  11:10  Stalker x9  
  126  11:12  Observer (Chrono Boost)  
  127  11:25  Probe  
  122  11:34  Zealot x9  
  134  11:41  Observer  
  94  12:01  Observer  
  89  12:04  Stalker x9  
  89  12:05  Probe x4  
  89  12:07  Probe  
  112  12:17  Probe x3  
  112  12:18  Gateway  
  112  12:20  Gateway  
  112  12:22  Gateway  
  115  12:26  Pylon, Immortal  
  119  12:31  Robotics Bay, Zealot x9  
  119  12:32  Robotics Facility  
  136  12:42  Assimilator x2  
  124  12:59  Zealot x9  
  136  13:05  Photon Cannon, Observer  
  136  13:10  Probe  
  136  13:11  Probe x2  
  137  13:13  Probe  
  137  13:17  Probe  
  137  13:19  Extended Thermal Lance (Chrono Boost)  
  139  13:22  Stalker x6  
  139  13:23  Colossus x2 (Chrono Boost), Stalker x2  
  164  13:46  Zealot x9  
  180  14:02  Zealot x3  
  186  14:07  Colossus (Chrono Boost)  
  178  14:27  Stalker x10  
  195  14:49  Zealot x2  
  162  15:03  Stalker x10  
  154  15:10  Colossus  
  160  15:25  Observer  
  152  15:28  High Templar  
  152  15:29  High Templar x3, Zealot x7  
  152  15:30  Zealot  
  176  15:36  Probe x2  
  176  15:37  Probe, Assimilator x2  
  179  15:47  Observer  
  179  15:51  Nexus, Stalker x5  
  189  15:58  Archon x2, Stalker  
  189  15:59  Stalker x2  
  193  16:17  Zealot x4  
  167  16:38  Zealot x12  
  148  17:03  Stalker x10  
  148  17:04  Stalker  
  136  17:12  Probe  
  136  17:13  Probe x2  
  129  17:18  Zealot  
  131  17:27  Zealot x7  
  131  17:28  High Templar, Zealot x2  
  131  17:29  High Templar  
  145  17:40  Archon  
  145  17:42  Protoss Shields Level 1  
  143  17:50  High Templar x10  
  163  17:55  Archon x3  
  163  17:56  Archon x2, Warp Prism  
  165  18:05  Stalker x2  
  169  18:17  Observer  
  169  18:22  High Templar  
  169  18:23  High Templar x4  
  169  18:24  High Templar, Zealot x4  
  189  18:27  Archon x2  
  189  18:29  Archon  
  181  18:38  Zealot x2  
  153  18:41  Immortal x2 (Chrono Boost)  
  157  18:50  Zealot  
  157  18:51  Zealot x2  
  163  19:00  Nexus  
  148  19:22  Stalker x5  
  148  19:23  Stalker x2  
  154  19:24  High Templar  
  154  19:25  High Templar x2  
  154  19:27  High Templar  
  154  19:30  Archon  
  156  19:32  Archon  
  156  19:36  Pylon  
  150  19:56  Nexus  
  150  19:57  Probe x2  
  150  19:59  Sentry  
  154  20:00  High Templar x2, Zealot x3  
  154  20:04  Archon  
  155  20:16  Stalker x2  
  155  20:17  Stalker x2  
  157  20:22  Stalker  
  157  20:23  Zealot x3, Stalker  
  167  20:30  Pylon  
  167  20:33  Zealot  
  169  20:38  Zealot x2  
  167  20:43  Zealot x3  
  171  20:52  Zealot x5  
  171  20:53  Zealot  
  173  21:09  Stalker x4  
Show
View Real Time Build Order
Export as new Build Order

tyty Terran - Winner!

Build Orders: Mech 

Get SALT Encoding   

  12  0:00  SCV  
  13  0:12  SCV  
  14  0:17  Supply Depot  
  14  0:24  SCV  
  15  0:38  SCV  
  15  0:39  Barracks  
  16  0:43  Refinery  
  16  0:50  SCV  
  17  1:02  SCV  
  18  1:15  SCV  
  19  1:27  Marine  
  19  1:28  Orbital Command  
  20  1:40  Command Center  
  20  1:53  Factory  
  20  1:56  SCV  
  21  2:03  Barracks Reactor  
  21  2:08  SCV, Supply Depot  
  21  2:13  Refinery  
  22  2:20  SCV  
  23  2:32  SCV  
  24  2:43  Starport  
  26  2:44  Hellion x2  
  26  2:45  SCV  
  26  2:49  Barracks Tech Lab  
  29  2:56  Orbital Command  
  29  2:57  SCV  
  30  3:09  SCV  
  31  3:14  Marine x2  
  33  3:21  SCV  
  33  3:22  SCV  
  35  3:27  Banshee  
  35  3:29  Factory Tech Lab  
  35  3:32  Marine  
  35  3:33  SCV  
  40  3:35  SCV  
  37  3:42  Marine  
  37  3:45  SCV  
  37  3:46  Supply Depot  
  37  3:47  SCV  
  40  3:49  Cyclone  
  40  3:51  Marine  
  44  3:57  SCV  
  44  3:59  SCV  
  44  4:00  Supply Depot  
  46  4:05  Supply Depot  
  46  4:06  Liberator  
  46  4:07  Marine  
  46  4:09  SCV, Marine  
  49  4:16  SCV  
  53  4:25  Marine  
  53  4:26  SCV  
  53  4:27  Cyclone  
  53  4:28  Marine, Supply Depot  
  53  4:31  SCV  
  57  4:39  SCV  
  57  4:43  Marine  
  57  4:45  SCV, Command Center  
  60  4:46  Marine  
  60  4:52  Mag-Field Accelerator  
  61  4:54  SCV  
  61  4:56  Refinery x2  
  61  4:59  Cyclone  
  65  5:01  Marine, SCV  
  65  5:04  Marine  
  65  5:06  SCV  
  69  5:13  SCV  
  70  5:17  Viking  
  70  5:19  Marine, Supply Depot  
  70  5:20  SCV  
  74  5:21  Marine  
  74  5:25  SCV  
  74  5:26  Supply Depot  
  74  5:27  Supply Depot  
  76  5:32  SCV  
  77  5:36  Bunker  
  77  5:37  Marine  
  77  5:39  SCV  
  77  5:41  Cyclone  
  81  5:45  SCV  
  81  5:51  SCV, Marine  
  81  5:54  Marine  
  84  5:57  Viking  
  84  6:03  Factory  
  84  6:04  Factory, Orbital Command  
  83  6:07  SCV, Supply Depot  
  84  6:12  SCV  
  85  6:19  SCV  
  85  6:22  Marine, Orbital Command  
  85  6:25  SCV  
  88  6:31  SCV, Siege Tank  
  89  6:37  SCV  
  90  6:43  SCV  
  91  6:47  Refinery  
  91  6:48  Starport Reactor  
  91  6:49  SCV, Refinery  
  91  6:50  SCV  
  91  6:53  Armory x2  
  90  6:55  SCV  
  90  6:56  Siege Tank  
  90  6:58  Hellion x2  
  90  7:01  SCV  
  99  7:03  SCV  
  99  7:05  Siege Tank  
  99  7:08  SCV, Supply Depot  
  104  7:09  Supply Depot  
  104  7:13  SCV  
  104  7:15  SCV  
  106  7:21  Engineering Bay  
  106  7:22  SCV  
  107  7:26  Viking x2  
  107  7:28  Factory  
  107  7:29  SCV x2  
  112  7:31  Factory  
  112  7:32  Siege Tank  
  112  7:34  SCV  
  116  7:41  SCV x2  
  116  7:43  Supply Depot  
  118  7:44  Supply Depot  
  118  7:45  Terran Vehicle And Ship Armor Level 1, Terran Vehicle Weapons Level 1  
  118  7:46  Hellion x2  
  118  7:48  SCV, Liberator  
  122  7:51  Missile Turret  
  122  7:57  Missile Turret, Hellion  
  125  8:01  Supply Depot  
  125  8:04  Hellion  
  126  8:07  Supply Depot  
  126  8:08  Supply Depot  
  126  8:10  Hellion  
  126  8:11  Missile Turret  
  131  8:14  Factory Tech Lab  
  131  8:15  Factory Reactor  
  131  8:19  Command Center  
  131  8:22  Siege Tank  
  131  8:24  Hellion  
  131  8:25  Siege Tank  
  139  8:28  Supply Depot  
  139  8:29  Infernal Pre-Igniter, Liberator  
  142  8:34  Missile Turret  
  142  8:36  Siege Tank  
  142  8:39  Hellion  
  144  8:45  Hellion  
  138  8:57  Siege Tank x2  
  138  9:00  Hellion  
  132  9:09  Hellion x2  
  124  9:12  SCV  
  124  9:13  SCV  
  124  9:16  Hellion  
  124  9:17  Hellion  
  121  9:22  SCV  
  121  9:23  Hellion  
  118  9:27  Command Center  
  118  9:29  Cyclone x2, Drilling Claws  
  124  9:31  Widow Mine  
  124  9:32  Widow Mine  
  124  9:33  Liberator  
  124  9:38  Widow Mine  
  130  9:48  Widow Mine  
  138  9:53  Widow Mine  
  138  9:56  Command Center  
  140  10:01  Cyclone  
  140  10:02  Supply Depot, Widow Mine x2  
  147  10:08  Widow Mine  
  147  10:09  Widow Mine  
  148  10:24  Cyclone  
  148  10:25  Widow Mine x2  
  148  10:26  SCV x2, Liberator x2  
  157  10:29  Cyclone  
  154  10:45  Hellion x2  
  154  10:48  Orbital Command  
  164  10:52  Planetary Fortress  
  164  10:54  Refinery  
  164  10:56  Refinery  
  164  11:02  Cyclone x2  
  164  11:03  Supply Depot  
  166  11:07  Widow Mine  
  166  11:08  Widow Mine  
  159  11:19  Cyclone  
  159  11:20  SCV x2  
  164  11:31  Liberator x2  
  160  11:34  Cyclone  
  155  11:41  Cyclone  
  155  11:42  Widow Mine x3  
  143  11:51  Cyclone  
  130  11:55  Hellion  
  132  12:01  SCV x2  
  132  12:02  Terran Vehicle Weapons Level 2, Terran Vehicle And Ship Armor Level 2  
  132  12:03  Factory, Hellion  
  132  12:04  Hellion x2  
  132  12:05  Factory  
  132  12:06  Cyclone  
  143  12:11  Orbital Command  
  143  12:14  Sensor Tower  
  143  12:15  SCV  
  143  12:16  SCV x2  
  143  12:18  Hellion x2  
  150  12:25  Siege Tank  
  153  12:38  Siege Tank  
  153  12:40  Siege Tank  
  153  12:44  Hellion x2  
  163  12:47  Factory Tech Lab  
  163  12:48  Factory Tech Lab  
  163  12:50  Liberator  
  163  12:57  Siege Tank  
  167  13:05  Hellion x2  
  167  13:11  Siege Tank  
  167  13:12  Siege Tank  
  176  13:14  Orbital Command  
  172  13:21  Siege Tank  
  172  13:22  Siege Tank  
  172  13:24  Hellion x2  
  182  13:29  Siege Tank  
  185  13:36  Unknown  
  185  13:39  Command Center  
  185  13:43  Siege Tank  
  185  13:44  Siege Tank  
  185  13:46  Sensor Tower  
  189  13:48  Command Center  
  189  13:49  Missile Turret  
  189  13:50  Missile Turret  
  189  13:54  Siege Tank  
  190  13:57  Siege Tank  
  190  14:01  Siege Tank  
  196  14:05  SCV x2  
  196  14:07  Sensor Tower  
  198  14:12  SCV  
  198  14:13  SCV  
  195  14:20  SCV x2, Siege Tank x2  
  194  14:26  Siege Tank  
  194  14:28  SCV x2  
  194  14:31  Terran Vehicle Weapons Level 3, Terran Vehicle And Ship Armor Level 3  
  200  14:41  Hellion  
  199  14:45  Command Center  
  196  14:57  Liberator x2  
  181  15:04  Siege Tank x2  
  181  15:05  Hellion x2  
  181  15:07  Hellion x2  
  157  15:17  Hellion x2  
  167  15:27  Cyclone  
  172  15:36  Cyclone x2  
  172  15:40  Missile Turret  
  172  15:41  Sensor Tower  
  178  15:44  Hellion x2  
  178  15:47  Widow Mine x3  
  184  15:58  SCV  
  183  16:15  Siege Tank x4  
  195  16:19  Planetary Fortress  
  195  16:21  Hellion, Siege Tank  
  179  16:45  Liberator x2  
  179  16:47  Siege Tank x2  
  179  16:48  Hellion x2, Siege Tank x2  
  179  16:53  Siege Tank  
  158  17:08  Terran Ship Weapons Level 1  
  138  17:09  Hellion  
  129  17:19  Hellion, Siege Tank x2  
  129  17:20  Hellion, Siege Tank  
  140  17:23  SCV x2  
  140  17:26  SCV x2  
  140  17:28  Liberator x2  
  141  17:34  Siege Tank x2  
  141  17:35  SCV  
  148  17:41  Hellion x2  
  148  17:42  Hellion, Command Center  
  154  17:47  Hellion  
  164  17:59  Missile Turret x2  
  164  18:11  Widow Mine x3  
  168  18:19  Missile Turret  
  168  18:21  Liberator x2  
  168  18:28  Cyclone x2  
  143  18:44  Hellion x3  
  143  18:45  Hellion  
  143  18:46  Cyclone x2  
  153  18:54  Hellion  
  155  19:01  Hellion x2  
  159  19:04  Liberator x2  
  159  19:06  Hellion  
  161  19:14  Orbital Command  
  161  19:15  Cyclone  
  161  19:16  Hellion x2  
  167  19:18  Cyclone x2  
  167  19:22  Planetary Fortress  
  167  19:23  Hellion  
  169  19:31  Hellion x5  
  166  19:47  Cyclone x2, Unknown  
  166  19:48  Missile Turret  
  172  19:59  Cyclone x2  
  178  20:00  Hellion x4  
  178  20:01  Hellion  
  182  20:24  Hellion x2  
  186  20:31  Cyclone x2  
  186  20:34  Sensor Tower  
  190  20:44  Orbital Command  
  190  20:51  Sensor Tower  
  192  21:04  Hellion x2  
Tags
 
Add a new tag
Caveats
  • Supply blocks, unpowered buildings, or Contaminate may cause inaccurate times.
  • Supply counts are checked every 10 seconds.